 Dungeon Crawl Stone Soup version 0.19-a0-1834-g6b7851e (webtiles) character file.

93 Alarkh the Slasher (level 4, 0/33 HPs)
             Began as a Mummy Skald on Oct 9, 2016.
             Was an Initiate of Okawaru.
             Slain by an adder (2 damage)
             ... on level 3 of the Dungeon.
             The game lasted 00:02:51 (2465 turns).

Alarkh the Slasher (Mummy Skald)                    Turns: 2465, Time: 00:02:52

Health: 0/33       AC:  3    Str: 15    XL:     4   Next: 37%
Magic:  2/7        EV: 11    Int: 12    God:    Okawaru [......]
Gold:   122        SH:  0    Dex: 11    Spells: 3 memorised, 1 level left

rFire  x . .     SeeInvis .     a - +0 falchion
rCold  + . .     Gourm    .     b - +0 leather armour
rNeg   + + +     Faith    .     (no shield)
rPois  ∞         Spirit   .     (no helmet)
rElec  .         Dismiss  .     (no cloak)
rCorr  .         Reflect  .     (no gloves)
MR     .....     Harm     .     (no boots)
Stlth  +.........               (no amulet)
                                (no ring)
                                (no ring)

@: infused, very slightly contaminated
A: no food or potions, fire vulnerability, cold resistance 1, negative energy
resistance 3, torment resistance, unbreathing
a: Renounce Religion


You were on level 3 of the Dungeon.
You worshipped Okawaru.
Okawaru was noncommittal.
You were not hungry.

You visited 1 branch of the dungeon, and saw 3 of its levels.

You collected 122 gold pieces.

Inventory:

Hand Weapons
 a - a +0 falchion (weapon)
Armour
 b - a +0 leather armour (worn)
Wands
 h - a wand of digging (8/24)
Scrolls
 d - 2 scrolls of amnesia
 e - a scroll of identify
 f - 2 scrolls of random uselessness
 g - a scroll of enchant weapon
 i - a scroll of remove curse {unknown}
Books
 c - a book of Battle

   Spells                             Type                      Level
   a - Infusion                       Charms                       1
   b - Shroud of Golubria             Charms/Translocation         2
   c - Song of Slaying                Charms                       2
   d - Spectral Weapon                Hexes/Charms                 3
   e - Regeneration                   Charms/Necromancy            3


   Skills:
 - Level 2.0 Fighting
 + Level 3.8 Long Blades
 - Level 0.7 Armour
 - Level 0.7 Dodging
 - Level 2.0 Spellcasting
 - Level 2.4 Charms


You had one spell level left.
You knew the following spells:

 Your Spells              Type           Power        Failure   Level  Hunger
a - Infusion              Chrm           #...         14%         1    N/A
b - Shroud of Golubria    Chrm/Tloc      #.........   34%         2    N/A
c - Spectral Weapon       Hex/Chrm       #.......     69%         3    N/A

Dungeon Overview and Level Annotations

Branches:
Dungeon (3/15)

Altars:
Okawaru


Innate Abilities, Weirdness & Mutations

You do not eat or drink.
Your flesh is vulnerable to fire.
You are immune to poison.
Your flesh is cold resistant. (rC+)
You are immune to negative energy. (rN+++)
You are immune to unholy pain and torment.
You can survive without breathing.


Message History

The adder barely misses you.
You riposte.
You closely miss the adder.
The adder is almost dead.
The adder bites you.
Your leather armour prevents you from hitting the adder.
The adder is almost dead.
The adder bites you.
* * * LOW HITPOINT WARNING * * *
You miss the adder.
The adder is almost dead.
You are no longer magically infusing your attacks.
The adder bites you.
* * * LOW HITPOINT WARNING * * *
The adder bites you.
* * * LOW HITPOINT WARNING * * *
Okay, then.
Casting: Infusion
Confirm with . or Enter, or press ? or * to list all spells.
You begin infusing your attacks with magical energy.
The adder bites you.
You die...

##### #....# #....#
#....# #######
#....###....... ...
+......@S...... #.#
#.....##....... #.#
#.....# .......
#.##+###.....# .......
#........###.# .......
#........# #.# .......
###........# #.# .......
..#........###'##.......
#...............#


You could see an adder.

Vanquished Creatures
  A worker ant (D:3)
  A gnoll (D:2)
  An adder (D:3)
  A worm (D:2)
  A ball python (D:2)
  A giant cockroach (D:1)
  7 goblins
  8 hobgoblins
  5 jackals
  6 bats
  3 frilled lizards
  5 kobolds
  7 rats
47 creatures vanquished.

Notes
Turn   | Place    | Note
-------+----------+-------------------------------------------
     0 | D:1      | Alarkh the Mummy Skald began the quest for the Orb.
     0 | D:1      | Reached XP level 1. HP: 16/16 MP: 3/3
   127 | D:1      | Reached skill level 2 in Long Blades
   306 | D:1      | Reached XP level 2. HP: 15/22 MP: 3/5
  1059 | D:1      | Learned a level 2 spell: Shroud of Golubria
  1242 | D:2      | Reached XP level 3. HP: 22/27 MP: 3/6
  1297 | D:2      | Reached skill level 3 in Long Blades
  1897 | D:3      | Reached XP level 4. HP: 7/33 MP: 3/7
  1912 | D:3      | Learned a level 3 spell: Spectral Weapon
  2232 | D:3      | Found an iron altar of Okawaru.
  2293 | D:3      | Became a worshipper of Warmaster Okawaru
  2465 | D:3      | Slain by an adder

Vault maps used:
D:1:      dpeg_arrival_castle, minmay_pentomino_z4
D:3:      old_standard_altar, overflow_temple_1_default, first_bread,
          serial_park_tiny_1

Skill      XL: |  1  2  3 |
---------------+----------+-----
Long Blades    | 2 3 |  3.8
Fighting       | |  2.0
Armour         | |  0.7
Dodging        | |  0.7
Spellcasting   | |  2.0
Charms         | |  2.4

Action                   |  1- 3 |  4- 6 || total
-------------------------+-------+-------++-------
Melee: Falchion          |   129 |    27 ||   156
 Cast: Infusion          |    22 |     6 ||    28
       Shroud of Golubri |     1 |       ||     1
  Use: Scroll            |     2 |     1 ||     3
Armor: Leather armour    |    40 |    11 ||    51
Dodge: Dodged            |    87 |    27 ||   114
       Rpst.: Falchion   |    22 |    11 ||    33
